 BcadrenCrawl: Boulder Brew version 0.06-249-g3c0b566573 (webtiles) character file.

Game seed: 17070693748857044539, levelgen mode: deterministic

574 gruber the Firebug (level 7, -2/41 HPs) Octopode Fire Elementalist. Began on Aug 17, 2022. Slain by a sewer rat (5 damage) ... on level 3 of the Dungeon. The game lasted 00:09:09 (2366 turns).

gruber the Firebug (Octopode Fire Elementalist)     Turns: 2366, Time: 00:09:10

Health: -2/41      AC:  1    Str:  8    XL:     7 ^: 378
Magic:  3/14       EV: 13    Int: 19    God:
Gold:   73         SH:  0    Dex: 12    Spells: 3/15 levels left

rFire    . . .     Slash    x   f - +0 spear
rCold    . . .     Pierce   .   (no weapon)
rNeg     . . .     Bludgeon .   (helmet restricted)
rCorr    . . .     Vision   .   (no amulet)
rPois    .         Gourm    .   a - ring of wizardry
rElec    .         Faith    .   e - ring of protection from magic
MR       +....     Spirit   .   (no ring)
HPRegen  0.23/turn Reflect  .   (no ring)
MPRegen  0.24/turn Harm     .   (no ring)
Stlth    ++++......             (no ring)
                                (no ring)
                                (no ring)

@: no status effects
A: almost no armour, stealthy swim, amphibious, 8 rings, constrict 8, camouflage
1, soft flesh, AC +1
a: no special abilities


You were on level 3 of the Dungeon.
You were not hungry.

You visited 1 branch of the dungeon, and saw 3 of its levels.

You collected 73 gold pieces.

Inventory:

Weapons
 f - a +0 spear (weapon) Shields
 i - a +2 heater shield of protection
Jewellery
 a - a ring of wizardry (left tentacle)
 e - a ring of protection from magic (right tentacle)
Scrolls
 g - 3 scrolls of teleportation
 h - 2 scrolls of fear
 k - a scroll of bless item
Potions
 c - 2 potions of heal wounds
 d - a potion of berserk rage
 j - a potion of curing
Comestibles
 b - 7 rations


   Skills:
 - Level 2.1 Dodging
 - Level 2.6 Stealth
 * Level 4.9 Spellcasting
 - Level 7.1 Fire Magic
 - Level 3.2 Poison Magic


You had 3 spell levels left.
You knew the following spells:

 Your Spells              Type           Power        Failure   Level  Hunger
a - Foxfire               Fire           25 (25)      1%          1    0
b - Searing Ray Fire 32 (50) 1% 2 0-26 c - Sticky Flame Fire/Pois 24 (100) 6% 4 106-206 d - Fireball Fire           32 (200)     8%          5    226-386

Your spell library contained the following spells:

 Spells                   Type           Power        Failure   Level  Hunger
 Conjure Flame Fire 32 (100) 1% 3 26-86 Inner Flame Hex/Fire       18 (100)     3%          3    26-86


Dungeon Overview and Level Annotations

Branches:
Dungeon (3/8)

Altars:


Innate Abilities, Weirdness & Mutations

You cannot wear most types of armour.
You are very stealthy in the water. (Stealth+)
Your gelatinous body is resilient. (AC +1, EV +1)
You are amphibious.
You can wear up to eight rings at the same time.
You can use your tentacles to constrict six enemies at once.
Your skin changes colour to match your surroundings (Stealth++).
Your soft flesh is weak to deep cuts.
Heavy manmade armour will nullify this weakness. (rSlashing-)


Message History

The sewer rat is lightly wounded. (9/11) HP The sewer rat bites you (5).
* * * LOW HITPOINT WARNING * * *
You hit the sewer rat (2).
You tentacle-slap the sewer rat but do no damage.
The sewer rat blocks your attack.
You thwack the sewer rat (4).
The sewer rat is severely wounded. (3/11) HP The sewer rat bites you (3).
* * * LOW HITPOINT WARNING * * *
You barely miss the sewer rat.
You tentacle-slap the sewer rat but do no damage.
Your grab misses the sewer rat.
You squeeze the sewer rat, but do no damage.
The sewer rat is severely wounded. (3/11) HP The sewer rat bites you (4).
* * * LOW HITPOINT WARNING * * *
Unknown command.
A hound comes into view.
The sewer rat bites you (5).
You die...

. #.. .###h#
....# ..... .# #.
#.#.# .#
##..##.#.##.###.
.....>.#.#..$....
#......@....###..
##..#..#r........
......#r#...###.
.........<.......
##.##............
# #.##.#.##.##.
... .........
#.##.##.####.###
. #.# #


You could see a hound (wandering) and 2 sewer rats.

Vanquished Creatures
  A water moccasin (D:2)
  A crocodile (D:2)
  4 jellies (D:2)
  2 giant cockroaches
  An adder (D:2)
  14 sewer rats
  4 cinder newts
  A worm (D:2)
  A bullfrog (D:2)
  3 oozes (D:2)
  3 dart slugs (D:1)
  3 leopard geckos (D:2)
  3 adder skeletons (D:2)
  A cinder newt skeleton (D:2)
  3 goblins (D:1)
  5 hobgoblins (D:1)
  3 ball pythons
  A ball python skeleton (D:2)
  7 bats
  2 bat skeletons (D:2)
  5 kobolds (D:1)
  A leopard gecko skeleton (D:2)
  A quokka skeleton (D:2)
  5 rats
  4 withered plants (D:2)
79 creatures vanquished.

Vanquished Creatures (collateral kills)
  A withered plant (D:2)
1 creature vanquished.

Vanquished Creatures (others)
  An ooze (D:2)
  A ball python (D:2)
  330 foxfires
  4 giant blowflies (D:2)
  77 withered plants (D:2)
413 creatures vanquished.

Grand Total: 493 creatures vanquished

Notes
Turn   | Place    | Note
-------+----------+-------------------------------------------
     0 | D:1      | gruber the Octopode Fire Elementalist began the quest for
                  | the Orb.
     0 | D:1      | Reached XP level 1. HP: 11/11 MP: 3/3
    57 | D:1      | Reached XP level 2. HP: 6/17 MP: 0/5
   151 | D:1      | Reached skill level 4 in Fire Magic
   309 | D:1      | Reached XP level 3. HP: 21/21 MP: 2/6
   360 | D:1      | Learned a level 2 spell: Searing Ray
   401 | D:1      | Reached skill level 5 in Fire Magic
   700 | D:1      | Reached XP level 4. HP: 27/27 MP: 3/7
   817 | D:2      | Noticed a crocodile
   829 | D:2      | Learned a level 4 spell: Sticky Flame
   863 | D:2      | Reached skill level 6 in Fire Magic
  1018 | D:2      | Noticed a water moccasin
  1046 | D:2      | Noticed a water moccasin
  1057 | D:2      | Killed a water moccasin
  1057 | D:2      | Reached skill level 7 in Fire Magic
  1057 | D:2      | Reached XP level 5. HP: 29/31 MP: 1/8
  1177 | D:2      | Reached XP level 6. HP: 29/36 MP: 1/9
  1264 | D:2      | Reached skill level 1 in Poison Magic
  2136 | D:2      | Reached XP level 7. HP: 10/41 MP: 4/12
  2276 | D:2      | Learned a level 5 spell: Fireball
  2364 | D:3      | HP: 2/41 [sewer rat (4)]
  2366 | D:3      | Slain by a sewer rat

Levels and vault maps discovered:
D:1:      mrwooster_arrival_statue, layout_basic, portal_sewer_entry_c
D:2:      layout_sewer, sewer_frog_pond, first_ration
D:3:      layout_basic, kennysheep_mini_moat, serial_glass, glass_columns_b,
          glass_columns_a, basic_altar, nrook_uturn

Skill      XL: |  1  2  3  4  5  6  7 |
---------------+----------------------+-----
Fire Magic     | 4 5 7 |  7.1
Poison Magic   | 3 |  3.2
Spellcasting   | 3 4 |  4.9
Dodging        | |  2.1
Stealth        | |  2.6

Action                   |  1- 3 |  4- 6 |  7- 9 || total
-------------------------+-------+-------+-------++-------
Melee: Unarmed           |    29 |    53 |     7 ||    89
       Bite              |     6 |    10 |     2 ||    18
       Constrict         |     5 |    13 |     1 ||    19
       Tentacle Squeeze  |     1 |     4 |       ||     5
       Spear             |       |    59 |     7 ||    66
       Pseudopods        |       |     5 |     1 ||     6
       Tentacle Slap     |       |     1 |     1 ||     2
 Cast: Foxfire           |    45 |   142 |    16 ||   203
       Sticky Flame      |       |     2 |     2 ||     4
       Searing Ray       |       |     1 |       ||     1
  Use: Potion            |       |     3 |     1 ||     4
 Stab: Sleeping          |       |     1 |       ||     1
  Eat: Chunk             |       |     5 |     1 ||     6
Armor: Skin              |     4 |     5 |       ||     9
Dodge: Dodged            |    17 |    26 |     3 ||    46
